 Dungeon Crawl Stone Soup version 0.27-a0-1565-gad902ab807 (webtiles) character file.

Game seed: 666214100114183401

354 ezpacito the Skirmisher (level 6, 25/48 HPs)
             Began as a Demonspawn Abyssal Knight on July 16, 2021.
             Was a Believer of Lugonu.
             Quit the game on level 4 of the Dungeon.
             The game lasted 00:06:39 (3420 turns).

ezpacito the Skirmisher (Demonspawn Abyssal Knight) Turns: 3420, Time: 00:06:39

Health: 25/48      AC: 11    Str: 13    XL:     6   Next: 35%
Magic:  8/8        EV:  5    Int: 14    God:    Lugonu [**....]
Gold:   130        SH:  0    Dex: 13    Spells: 7/7 levels left

rFire    . . .     SeeInvis .   a - +4 spear (flame)
rCold    . . .     Faith    .   (no shield)
rNeg     . . .     Spirit   .   o - +0 plate armour
rPois    +         Reflect  .   (helmet restricted)
rElec    .         Harm     .   (no cloak)
rCorr    .         Rampage  .   (no gloves)
Will     .....                  (no boots)
Stlth    ..........             (no amulet)
HPRegen  0.16/turn              i - ring of poison resistance
MPRegen  0.11/turn              (no ring)

@: hasted, very quick
A: antennae 1, sturdy frame 1
a: Renounce Religion, Depart the Abyss, Bend Space


You were on level 4 of the Dungeon.
You worshipped Lugonu.
Lugonu was pleased with you.
You visited 1 branch of the dungeon, and saw 4 of its levels.
You visited the Abyss 1 time.

You collected 130 gold pieces.

Inventory:

Hand Weapons
 a - a +4 spear of flaming (weapon)
Missiles
 e - 125 stones
Armour
 c - a +0 helmet
 o - a +0 plate armour (worn)
Magical Staves
 d - a staff of earth
Jewellery
 i - a ring of poison resistance (left hand)
Potions
 h - a potion of invisibility {unknown}
 k - a potion of might {unknown}
 l - a potion of flight {unknown}
 n - 2 potions of curing


   Skills:
 + Level 4.2 Fighting
 + Level 2.8 Polearms
 * Level 3.6 Armour
 - Level 1.1 Dodging
 + Level 1.4 Spellcasting
 + Level 3.7 Invocations
 + Level 1.7 Evocations


You had 7 spell levels left.
You didn't know any spells.
Your spell library contained the following spells:

 Spells                   Type           Power      Damage    Failure   Level
 Static Discharge         Conj/Air       1%         N/A       100%        2
 Sublimation of Blood     Necr           0%         N/A       100%        2
 Wereblood                Tmut           1%         N/A       100%        2
 Iskenderun's Battlesphe  Conj           1%         2d6       100%        5
 Lightning Bolt           Conj/Air       0%         1d11      100%        5
 Iron Shot                Conj/Erth      0%         9d1       100%        6
 Spellforged Servitor     Conj/Summ      0%         N/A       100%        7
 Summon Hydra             Summ           0%         N/A       100%        7
 Maxwell's Capacitive Co  Air            0%         ∞         100%        8


Dungeon Overview and Level Annotations

Branches:
Dungeon (4/15)
 Temple: D:4-7

Altars:

Shops:
D:3 (


Innate Abilities, Weirdness & Mutations

You have a pair of small antennae on your head.
Your movements are slightly less encumbered by armour. (ER -2)


Message History

* * * LOW HITPOINT WARNING * * *
The quokka bites you.
* * * LOW HITPOINT WARNING * * *
It was a potion of curing.
You feel better. The bat barely misses you.
The quokka bites you but does no damage.
You hit Eustachio. You burn Eustachio.
Eustachio is almost dead.
The bat hits you but does no damage. The bat barely misses you.
The quokka barely misses you. Eustachio hits you but does no damage.
The crimson imp picks up a beetle and eats it.
The quokka bites you but does no damage.
You closely miss Eustachio.
Eustachio is almost dead.
The quokka bites you but does no damage.
The bat barely misses you. The bat hits you but does no damage.
Eustachio hits you but does no damage.
You barely miss Eustachio.
Eustachio is almost dead.
The bat hits you but does no damage. x2; The quokka bites you.
The bat barely misses you. The quokka barely misses you.
You hit Eustachio. You burn Eustachio.
Eustachio is almost dead.
The bat hits you but does no damage. Eustachio barely misses you.
The quokka bites you but does no damage.
The bat hits you but does no damage.
You hit Eustachio. You burn Eustachio.
You kill Eustachio!
Lugonu accepts your kill.
The quokka disappears in a puff of smoke!
The bat disappears in a puff of smoke!
The crimson imp disappears in a puff of smoke!
The quokka disappears in a puff of smoke!
The bat disappears in a puff of smoke!
You have reached level 6!
Your experience leads to an increase in your attributes!
Increase (S)trength, (I)ntelligence, or (D)exterity?
You feel clever.
Your demonic ancestry asserts itself...
A pair of antennae grows on your head!
Your +0 helmet falls away!
Are you sure you want to abandon this character and quit the game? (Confirm with "yes".)

#.....#...#..........
#.....#...#..........
#.....###'###########
###..)†......
+..........
#....§.....
#§.§.§.....
######§.§.§.....
.......§@......##
........§§.....#
...............#
...............#
...............#
...............#
+#########.....#
.....#


There were no monsters in sight!

Vanquished Creatures
  Eustachio (D:4)
  A hound (D:3)
  An orc priest (D:3)
  An iguana (D:4)
  An orc wizard (D:3)
  3 adders
  An adder skeleton (D:4)
  3 dart slugs
  2 orcs
  8 ball pythons
  6 endoplasms
  A giant cockroach (D:3)
  6 hobgoblins
  8 jackals
  3 bats
  5 frilled lizards
  7 goblins
  4 kobolds
  6 rats
68 creatures vanquished.

Notes
Turn   | Place    | Note
-------+----------+-------------------------------------------
     0 | Abyss:1  | ezpacito the Demonspawn Abyssal Knight began the quest for
                  | the Orb.
     0 | Abyss:1  | Reached XP level 1. HP: 18/18 MP: 2/2
   109 | Abyss:1  | Found a corrupted altar of Lugonu.
   190 | Abyss:1  | Noticed a raiju
   220 | Abyss:1  | Noticed a small abomination
   226 | D:1      | Escaped the Abyss
   744 | D:1      | Gained mutation: Your movements are slightly less
                  | encumbered by armour. (ER -2) [demonic ancestry]
   744 | D:1      | Reached XP level 2. HP: 24/24 MP: 3/3
   800 | D:1      | Reached * piety under Lugonu
  1328 | D:1      | Reached skill level 1 in Dodging
  1384 | D:1      | Reached XP level 3. HP: 26/29 MP: 4/4
  2233 | D:3      | Found Luna's Weapon Shop.
  2469 | D:3      | Reached XP level 4. HP: 37/37 MP: 6/6
  2594 | D:3      | Reached ** piety under Lugonu
  2636 | D:3      | Reached skill level 1 in Evocations
  2645 | D:3      | Reached skill level 4 in Fighting
  2645 | D:3      | Reached XP level 5. HP: 11/42 MP: 7/7
  3045 | D:3      | Reached skill level 1 in Spellcasting
  3045 | D:3      | Found a faded altar of an unknown god.
  3341 | D:4      | Noticed Eustachio
  3419 | D:4      | Killed Eustachio
  3420 | D:4      | Gained mutation: You have a pair of small antennae on your
                  | head. [demonic ancestry]
  3420 | D:4      | Reached XP level 6. HP: 25/48 MP: 8/8
  3420 | D:4      | Quit the game

Illustrated notes

Levels and vault maps discovered:
D:1:      pf_arrival_petrified_forest, layout_rooms,
          amcnicky_mini_corridor_feature
D:2:      layout_loops_cross
D:3:      layout_loops_ring, serial_shops, nicolae_shop_waterfront,
          shapermc_ecumenical_altar_notcrosses, small_statue_intersection,
          supply_closet_lemuel, mrwooster_statue_mirror
D:4:      kennysheep_goblin_castle, layout_gridville, lemuel_tele_altar,
          lightli_temple_of_fire, chequers_temple_overflow_statue_of_worship,
          grunt_ministairs_4, uniq_eustachio, uniq_ijyb, uniq_robin,
          uniq_grinder

Skill      XL: |  1  2  3  4  5 |
---------------+----------------+-----
Armour         | 2 3 |  3.6
Polearms       | 2 |  2.8
Dodging        | 1 |  1.1
Invocations    | 3 |  3.7
Evocations     | 1 |  1.7
Fighting       | 4 |  4.2
Spellcasting   | 1 |  1.4

Action                   |  1- 3 |  4- 6 || total
-------------------------+-------+-------++-------
Melee: Spear             |   123 |   129 ||   252
Invok: Depart the Abyss  |     1 |       ||     1
  Use: Scroll            |     5 |     2 ||     7
       Potion            |       |     6 ||     6
 Stab: Sleeping          |     1 |       ||     1
Armor: Leather armour    |    46 |    23 ||    69
       Plate armour      |       |   170 ||   170
Dodge: Dodged            |    69 |    74 ||   143

Table legend: (Time is in decaauts)
 A = Elapsed time spent in this place.
 B = Non-inter-level travel time spent in this place.
 C = Inter-level travel time spent in this place.
 D = Time resting spent in this place.
 E = Time spent auto-exploring this place.
 F = Levels seen in this place.
 G = Mean time per level.
                   A        B        C        D        E       F      G
               +--------+--------+--------+--------+--------+-----+--------+
         Total |   3402 |   3330 |     72 |    831 |   2005 |   5 |  680.4 |
       Dungeon |   3176 |   3104 |     72 |    831 |   1815 |   4 |  794.0 |
         Abyss |    226 |    226 |      0 |      0 |    190 |   1 |  226.0 |
               +--------+--------+--------+--------+--------+-----+--------+

Top non-repeatable levels by time:
     D:1: 1303 daAuts
     D:3: 1045 daAuts
     D:2: 656 daAuts
 Abyss:1: 226 daAuts
     D:4: 171 daAuts
